 Dungeon Crawl Stone Soup version 0.19-a0-1899-g2d93087 (webtiles) character file.

2119 Zenonira the Blocker (level 9, -5/64 HPs)
             Began as a Formicid Fighter on Oct 20, 2016.
             Was a Believer of Cheibriados.
             Killed from afar by an electric eel (8 damage)
             ... with a bolt of electricity
             ... on level 8 of the Dungeon.
             The game lasted 00:12:08 (6651 turns).

Zenonira the Blocker (Formicid Fighter)             Turns: 6651, Time: 00:12:09

Health: -5/64      AC: 11    Str: 27    XL:     9   Next: 54%
Magic:  13/13      EV: 10    Int: 14    God:    Cheibriados [**....]
Gold:   319        SH: 13    Dex: 19    Spells: 0 memorised, 8 levels left

rFire  . . .     SeeInvis +     a - +0 war axe
rCold  . . .     Gourm    .     b - +0 scale mail
rNeg   . . .     Faith    .     c - +0 shield
rPois  .         Spirit   .     (helmet unavailable)
rElec  .         Reflect  .     q - +0 cloak
rCorr  .         Harm     .     y - +2 pair of gloves
MR     .....                    (no boots)
Stlth  ..........               (no amulet)
                                (no ring)
                                (no ring)

@: very slow
A: permanent stasis, dig shafts and tunnels, four strong arms, antennae 3
a: Dig, Shaft Self, Bend Time, Renounce Religion


You were on level 8 of the Dungeon.
You worshipped Cheibriados.
Cheibriados was pleased with you.
You were very hungry.

You visited 2 branches of the dungeon, and saw 9 of its levels.

You collected 319 gold pieces.

Inventory:

Hand Weapons
 a - a +0 war axe (weapon)
Armour
 b - a +0 scale mail (worn)
 c - a +0 shield (worn)
 i - a +0 pair of gloves
 q - a +0 cloak (worn)
 x - the +0 pair of gloves of the Slightly Bent {Dex+4}
   (You found it on level 4 of the Dungeon)

   It affects your dexterity (+4).
 y - a +2 pair of gloves (worn)
Jewellery
 A - the ring of the Establishment {Ice rN+}
   (You found it on level 5 of the Dungeon)

   [ring of ice]

   It enhances your ice magic.
   It makes you vulnerable to fire.
   It protects you from cold.
   It protects you from negative energy.
 B - an uncursed ring of wizardry {unknown}
 F - an uncursed ring of stealth {unknown}
Wands
 p - a wand of flame (22/48)
Scrolls
 h - a scroll of teleportation
 j - 4 scrolls of remove curse
 o - 4 scrolls of fog
 C - a scroll of identify
Potions
 d - a potion of might
 e - 3 potions of berserk rage
 k - a potion of resistance
 l - a potion of brilliance {unknown}
 n - a potion of ambrosia
 t - 4 potions of curing {unknown}
 v - 2 potions of magic
 w - a potion of flight
 z - a potion of lignification
Books
 u - a book of Misfortune

   Spells                             Type                      Level
   a - Confusing Touch                Hexes                        1
   b - Confuse                        Hexes                        3
   c - Gell's Gravitas                Hexes/Translocation          3
   d - Petrify                        Transmutation/Earth          4
   e - Metabolic Englaciation         Hexes/Ice                    5
   f - Yara's Violent Unravelling     Hexes/Transmutation          5
Comestibles
 f - 3 bread rations
 g - 6 meat rations
 m - 4 fruits
 r - a slice of pizza
 s - 3 beef jerkies
 E - a royal jelly


   Skills:
 - Level 3.2 Fighting
 + Level 8.6 Axes
 - Level 3.2 Armour
 - Level 9.0 Shields
 + Level 6.0 Invocations


You had 8 spell levels left.
You didn't know any spells.

Dungeon Overview and Level Annotations

Branches:
Dungeon (8/15)             Temple (1/1) D:4
   Lair: D:8-11

Altars:
Ashenzari
Cheibriados
Elyvilon
Fedhas
Gozag
Hepliaklqana
Kikubaaqudgha
Makhleb
Nemelex Xobeh
Okawaru
Qazlal
Ru
Sif Muna
Trog
Uskayaw
Vehumet
Xom
Yredelemnul
Zin
The Shining One

Annotations:
D:7 5 exclusions


Innate Abilities, Weirdness & Mutations

You are under a permanent stasis effect.
You can dig through walls and to a lower floor.
Your four strong arms can wield two-handed weapons with a shield.
You have a pair of large antennae on your head. (SInv)


Message History

The electric eel shoots out a bolt of lightning at you!
The bolt of electricity hits you! x2
Unknown command.
You miss the electric eel.
The hound pauses to sniff the water.
A hound and an orc come into view.
Unknown command.
You barely miss the electric eel.
The hound barks!
The orc shouts!
The electric eel shoots out a bolt of lightning at you!
The bolt of electricity hits you! x2
* * * LOW HITPOINT WARNING * * *
A jackal comes into view.
You barely miss the electric eel.
The jackal barks!
The electric eel shoots out a bolt of lightning at you!
The bolt of electricity hits you!
* * * LOW HITPOINT WARNING * * *
The bolt of electricity hits you!
You die...

......≈.≈..
......≈.≈≈
......≈≈≈≈
#..≈.≈≈≈≈≈
##..≈≈≈≈≈≈≈
##...≈≈≈≈≈.≈ .
##....≈≈≈≈≈h.
....##....@≈≈≈≈hhh
........<.#;≈≈≈≈ho
........###≈≈≈≈≈≈.
.......## .≈T≈≈.≈
......# ..≈≈h..
..#... ..≈h.h≈ #
#... ....≈≈≈ ##.
...≈≈≈≈ #.


You could see a troll, 3 wolves, 4 hounds, an electric eel, an orc and a jackal.

Vanquished Creatures
  A hippogriff (D:8)
  A wraith (D:5)
  A hungry ghost (D:7)
  Edmund (D:5)
  An orc warrior (D:6)
  2 phantoms
  An ogre (D:8)
  A scorpion (D:5)
  2 howler monkeys
  6 crimson imps
  An orc priest (D:6)
  2 hounds
  A bullfrog skeleton (D:4)
  A centaur skeleton (D:4)
  4 jellies
  8 orc wizards
  An iguana (D:5)
  Natasha (thrice) (D:4)
  3 worker ants
  A killer bee zombie (D:7)
  A hound skeleton (D:4)
  4 gnolls (D:7)
  7 adders
  2 shadow imps (D:7)
  An adder skeleton (D:4)
  3 worms
  A dart slug (D:3)
  5 leopard geckos
  17 orcs
  11 bats
  3 giant cockroaches
  10 goblins
  13 hobgoblins
  4 jackals (D:3)
  5 kobolds
  A quokka (D:3)
  2 ball pythons
  7 frilled lizards
  A quokka skeleton (D:4)
  12 rats
152 creatures vanquished.

Vanquished Creatures (others)
  An ogre (D:7)
1 creature vanquished.

Grand Total: 153 creatures vanquished

Notes
Turn   | Place    | Note
-------+----------+-------------------------------------------
     0 | D:1      | Zenonira the Formicid Fighter began the quest for the Orb.
     0 | D:1      | Reached XP level 1. HP: 18/18 MP: 1/1
   178 | D:1      | Reached XP level 2. HP: 21/24 MP: 2/2
   220 | D:1      | Reached skill level 4 in Shields
   450 | D:1      | Reached XP level 3. HP: 28/29 MP: 3/3
   754 | D:2      | Found a white marble altar of Elyvilon.
  1342 | D:2      | Reached XP level 4. HP: 30/35 MP: 4/4
  1395 | D:2      | Found a burning altar of Makhleb.
  1643 | D:3      | Reached skill level 5 in Shields
  1818 | D:3      | Reached XP level 5. HP: 32/41 MP: 5/5
  2047 | D:3      | Reached XP level 6. HP: 35/47 MP: 6/6
  2064 | D:3      | Reached skill level 6 in Shields
  2158 | D:3      | Found a deep blue altar of Sif Muna.
  2883 | D:4      | Found a staircase to the Ecumenical Temple.
  2892 | Temple   | Entered the Ecumenical Temple
  2944 | Temple   | Became a worshipper of Cheibriados the Contemplative
  3003 | D:4      | Reached skill level 5 in Axes
  3003 | D:4      | Reached XP level 7. HP: 39/52 MP: 7/7
  3159 | D:4      | Reached skill level 7 in Shields
  3227 | D:4      | Noticed Natasha
  3234 | D:4      | Killed Natasha
  3245 | D:4      | Got a pair of translucent gloves
  3265 | D:3      | Identified the cursed +0 pair of gloves of the Slightly Bent {Dex+4} (You found it on level 4 of the Dungeon)
  3282 | D:4      | Found a shimmering altar of Xom.
  3343 | D:4      | Noticed Natasha
  3350 | D:4      | Killed Natasha
  3496 | D:4      | Noticed Natasha
  3503 | D:4      | Killed Natasha
  3539 | D:4      | Reached skill level 8 in Shields
  3539 | D:4      | Reached XP level 8. HP: 56/58 MP: 8/8
  3871 | D:5      | Entered Level 5 of the Dungeon
  3923 | D:5      | Noticed a wraith
  3945 | D:5      | Reached * piety under Cheibriados
  3959 | D:5      | Killed a wraith
  4008 | D:5      | Reached skill level 9 in Shields
  4094 | D:5      | Found a basalt altar of Yredelemnul.
  4121 | D:5      | Reached skill level 1 in Invocations
  4130 | D:5      | Got a slimy amber ring
  4152 | D:5      | Identified the ring of the Establishment {Ice rN+} (You found it on level 5 of the Dungeon)
  4224 | D:5      | Found a glowing golden altar of the Shining One.
  4315 | D:5      | You fall through a shaft for 3 floors!
  4407 | D:8      | Noticed a hippogriff
  4425 | D:8      | Killed a hippogriff
  4425 | D:8      | Reached XP level 9. HP: 30/64 MP: 9/11
  5107 | D:6      | You fall through a shaft!
  5197 | D:5      | Reached ** piety under Cheibriados
  5314 | D:5      | Noticed Edmund
  5338 | D:5      | Killed Edmund
  5506 | D:6      | Reached skill level 5 in Invocations
  5910 | D:6      | Found a sparkling altar of Nemelex Xobeh.
  6322 | D:7      | Found a radiant altar of Vehumet.
  6648 | D:8      | Noticed a troll
  6651 | D:8      | HP: 3/64 [electric eel/bolt of electricity (16)]
  6651 | D:8      | Killed from afar by an electric eel

Vault maps used:
D:1:      sevenhm_arrival_forest_fort_large_2
D:2:      lemuel_coloured_pillars_altar, old_standard_altar
D:3:      led_sif_book, first_bread
D:4:      led_xom_imps, uniq_natasha
D:5:      kennysheep_mini_moat, nicolae_tso_carved_into_rock, uniq_edmund
D:6:      nemelex_altar_shiori
D:7:      nicolae_whirlpool, fiery_altar_vehumet
D:8:      erik_lair_island, serial_glass, glass_columns_b, glass_columns_a,
          grunt_livestock, feat_on_display
Temple:   cyrus_circular_temple

Skill      XL: |  1  2  3  4  5  6  7  8  9 |
---------------+----------------------------+-----
Shields        | 4 5 6 8 9 |  9.0
Axes           | 3 4 5 6 7 8 |  8.6
Invocations    | 3 6 |  6.0
Fighting       | |  3.2
Armour         | |  3.2

Action                   |  1- 3 |  4- 6 |  7- 9 || total
-------------------------+-------+-------+-------++-------
Melee: War axe           |   138 |   207 |   346 ||   691
 Abil: Dig               |       |       |     4 ||     4
  Use: Scroll            |       |       |    17 ||    17
  Eat: Chunk             |     1 |     6 |     8 ||    15
Armor: Scale mail        |    75 |    82 |   107 ||   264
Dodge: Dodged            |    46 |    58 |    85 ||   189
Block: Shield            |    75 |   101 |   221 ||   397
